AoeStats
← Ca-Bling

Lombardia

509176708Analyzed
3v3 RM · 5d ago on Sep 25, 2026· 48m 34s· 6 players
Game mode
Random Map
Map size
Normal (6 player)
Population
200
Speed
Normal
Resources
Standard
Victory
Conquest
Starting age
Dark Age
Ending age
Imperial Age
RankedLock teamsTeams togetherTeam positionsShared explorationLock speedFull tech treeHidden civsTurbo modeCheats
Victory
Defeat
🇸🇪 Chinese · Sweden
1146
+12
🇸🇪 Sicilians · Sweden
1112
+13
🇸🇪 Tatars · Sweden
1103
+13
🇺🇸 Varangians · United States
1062
-13
🇩🇪 Byzantines · Germany
1062
-13
🇷🇺 Saracens · Russia
1020
-12
Hykso_Terra
2:48 Loom
10:20 Feudal Age
10:57 Double-Bit Axe
10:57 Horse Collar
12:06 Wheelbarrow
16:05 Forging
23:09 Castle Age
21:54 Gold Mining
22:20 Scale Barding Armor
26:51 Gold Shaft Mining
26:29 Bow Saw
29:14 Iron Casting
30:00 Hand Cart
34:00 Elite Skirmisher
34:54 Husbandry
35:03 Padded Archer Armor
34:53 Fletching
37:57 Ballistics
39:20 Bodkin Arrow
46:41 Imperial Age
Pipi kiwi
13:21 Feudal Age
19:28 Horse Collar
19:43 Stone Mining
21:56 Castle Age
20:13 Gold Mining
20:56 Forging
22:48 Heavy Plow
23:01 Double-Bit Axe
23:58 Bloodlines
24:22 Scale Barding Armor
27:19 Husbandry
28:56 Wheelbarrow
31:05 Iron Casting
31:37 Gold Shaft Mining
32:39 Chain Barding Armor
32:52 Hand Cart
33:27 Bow Saw
35:43 Town Watch
36:06 Fletching
36:44 Thumb Ring
38:18 Ballistics
44:28 Elite Skirmisher
45:29 Bodkin Arrow
45:34 Padded Archer Armor
48:11 Imperial Age
47:13 Leather Archer Armor
Lochamp
4:34 Loom
11:11 Feudal Age
11:47 Double-Bit Axe
12:42 Horse Collar
14:49 Bloodlines
16:13 Scale Barding Armor
21:48 Castle Age
20:10 Gold Mining
22:43 Forging
22:45 Bow Saw
22:36 Heavy Plow
23:12 Stone Mining
23:38 Bow Saw
23:51 Squires
23:49 Gambesons
25:30 Husbandry
26:49 Arson
29:18 Scale Mail Armor
29:33 Fervor
30:00 Masonry
30:01 Fortified Wall
33:33 Chain Mail Armor
39:11 Imperial Age
37:34 Chain Barding Armor
39:32 Stone Shaft Mining
39:50 Atonement
42:56 Architecture
42:47 Ballistics
43:28 Chemistry
42:42 Siege Engineers
42:06 Elite Varangian Guard
43:42 Iron Casting
46:18 Wheelbarrow
45:32 Town Watch
Jackred
11:11 Feudal Age
13:06 Double-Bit Axe
15:52 Castle Age
13:38 Horse Collar
16:18 Scale Barding Armor
17:00 Bow Saw
16:50 Gold Mining
17:05 Heavy Plow
25:22 Fletching
25:59 Ballistics
28:17 Bodkin Arrow
31:53 Wheelbarrow
31:04 Loom
31:05 Town Watch
33:29 Bloodlines
33:19 Husbandry
37:00 Gold Shaft Mining
43:36 Imperial Age
41:22 Hand Cart
43:37 Chain Barding Armor
46:38 Bracer
47:14 Plate Barding Armor
Ca-Bling
9:32 Loom
11:35 Feudal Age
16:30 Castle Age
14:32 Double-Bit Axe
14:48 Horse Collar
18:54 Bow Saw
22:48 Wheelbarrow
25:18 Heavy Plow
31:11 Imperial Age
28:22 Pikeman
28:30 Crossbowman
29:27 Fletching
31:11 Hand Cart
31:43 Arbalester
33:15 Bodkin Arrow
33:21 Padded Archer Armor
33:19 Halberdier
34:51 Crop Rotation
34:15 Gold Mining
34:16 Stone Mining
35:38 Ballistics
36:18 Chemistry
37:49 Bracer
38:04 Leather Archer Armor
38:00 Forging
37:50 Scale Mail Armor
41:03 Iron Casting
47:07 Elite Serjeant
48:03 Masonry
47:50 Murder Holes
47:41 Arrowslits
Wendel.
0:27 Loom
11:00 Feudal Age
12:25 Wheelbarrow
11:57 Double-Bit Axe
21:39 Castle Age
22:29 Bloodlines
25:36 Bow Saw
26:03 Scale Barding Armor
26:23 Town Watch
33:41 Devotion
34:01 Hand Cart
33:50 Husbandry
34:13 Chain Barding Armor
34:04 Forging
39:55 Imperial Age
38:58 Light Cavalry
40:17 Iron Casting
39:42 Scale Mail Armor
39:43 Padded Archer Armor
39:33 Fletching
41:23 Conscription
41:25 Rocketry
41:50 Cavalier
43:08 Plate Barding Armor
43:34 Blast Furnace
45:24 Ballistics
46:04 Chemistry
44:52 Capped Ram
47:48 Siege Ram
Connection lost

Rejoining the realm…

Still unreachable

The connection could not be restored.

Session expired

The server has moved on; the page needs a fresh start.